 Dungeon Crawl Stone Soup version 0.23.2-30-g0e89c35649 (webtiles) character file.

Game seed: 14531453329265565571

247 Solarlg the Ogre Mage (level 6, -1/53 HPs)
             Began as an Ogre Wizard on June 9, 2019.
             Slain by Grinder (6 damage)
             ... on level 3 of the Dungeon on June 10, 2019.
             The game lasted 00:31:14 (4067 turns).

Solarlg the Ogre Mage (Ogre Wizard)                 Turns: 4067, Time: 00:31:15

Health: -1/53      AC:  3    Str: 12    XL:     6   Next: 11%
Magic:  5/13       EV: 16    Int: 21    God:
Gold:   154        SH:  0    Dex: 12    Spells: 7/15 levels left

rFire    . . .     SeeInvis .   (no weapon)
rCold    . . .     Gourm    .   (no shield)
rNeg     . . .     Faith    .   a - +0 robe
rPois    .         Spirit   .   b - +0 hat
rElec    .         Reflect  .   (no cloak)
rCorr    .         Harm     .   (gloves unavailable)
MR       .....                  (boots unavailable)
Stlth    +++.......             (no amulet)
HPRegen  0.17/turn              (no ring)
MPRegen  0.13/turn              (no ring)

@: agile
A: large, unfitting armour, tough skin 1
a: no special abilities


You were on level 3 of the Dungeon.
You were not hungry.

You visited 1 branch of the dungeon, and saw 3 of its levels.

You collected 154 gold pieces.

Inventory:

Armour
 a - a +0 robe (worn)
 b - a +0 hat (worn)
Jewellery
 g - an uncursed ring of wizardry {unknown}
 k - a cursed ring of positive energy {unknown}
 m - a cursed -3 ring of protection {unknown}
Scrolls
 c - a scroll of fog {unknown}
 e - 3 scrolls of identify {unknown}
 f - a scroll of random uselessness {unknown}
 h - 3 scrolls of remove curse
 l - 2 scrolls of enchant armour {unknown}
 o - a scroll of immolation {unknown}
 q - a scroll of noise {unknown}
Potions
 i - a potion of curing
 n - a potion of mutation {unknown}
Comestibles
 d - 3 rations
 p - a chunk of flesh


   Skills:
 + Level 3.1 Dodging
 + Level 2.3 Stealth
 + Level 5.2 Spellcasting
 + Level 2.6 Conjurations
 - Level 0.8 Summonings
 - Level 0.8 Translocations


You had 7 spell levels left.
You knew the following spells:

 Your Spells              Type           Power        Failure   Level  Hunger
a - Magic Dart            Conj           ###.         3%          1    None
b - Blink                 Tloc           N/A          11%         2    None
c - Call Imp              Summ           #.......     11%         2    None
d - Mephitic Cloud        Conj/Pois/Air  #.......     22%         3    ##.....

Your spell library contained the following spells:

 Spells                   Type           Power        Failure   Level  Hunger
 Slow                     Hex            #.......     16%         2    None
 Conjure Flame            Conj/Fire      ##......     19%         3    ##.....


Dungeon Overview and Level Annotations

Branches:
Dungeon (3/15)

Altars:
Hepliaklqana

Annotations:
D:3 Grinder, Jessica


Innate Abilities, Weirdness & Mutations

You are too large for most types of armour.
You have tough skin. (AC +1)


Message History

The orc barely misses you.
It was a potion of agility.
You feel agile all of a sudden. Grinder hits you!
You writhe in agony.
The orc hits you with a +0 mace.
As you read the scroll labeled GOCUBUSOTT, it crumbles to dust.
You feel blessed for a moment.
It was a scroll of remove curse.
Grinder hits you.
You writhe in agony.
Your iron imp barely misses the orc.
The orc hits you with a +0 mace!
* * * LOW HITPOINT WARNING * * *
You closely miss Grinder. Grinder hits you but does no damage.
Your iron imp hits the orc!
The orc dies!
You barely miss Grinder. Grinder hits you.
* * * LOW HITPOINT WARNING * * *
Your iron imp closely misses the goblin.
The goblin closely misses you.
You barely miss Grinder. Grinder hits you.
* * * LOW HITPOINT WARNING * * *
You writhe in agony.
You die...

#.# #.#
###.# #.#
#...# #.#
#.### ...
####.####
...
#.......#
.5.
#.##.##.#
...[. #
#5##5##
#.@g..#
####o.#
o... ###.


You could see Grinder, an orc priest, an orc, a goblin and a friendly iron imp.

Vanquished Creatures
  A howler monkey (D:1)
  4 adders
  2 oozes (D:3)
  A worm (D:1)
  3 dart slugs
  2 giant cockroaches (D:1)
  7 goblins
  7 hobgoblins
  7 jackals
  6 kobolds
  A quokka (D:2)
  8 bats
  11 frilled lizards
  6 rats
66 creatures vanquished.

Vanquished Creatures (collateral kills)
  A crimson imp (D:2)
  Ijyb (D:3)
  Natasha (twice) (D:3)
  2 worms (D:2)
  A dart slug (D:2)
  An orc (D:3)
  A hobgoblin (D:3)
  A kobold (D:2)
  A rat (D:2)
11 creatures vanquished.

Grand Total: 77 creatures vanquished

Notes
Turn   | Place    | Note
-------+----------+-------------------------------------------
     0 | D:1      | Solarlg the Ogre Wizard began the quest for the Orb.
     0 | D:1      | Reached XP level 1. HP: 16/16 MP: 5/5
   221 | D:1      | Reached skill level 1 in Conjurations
   306 | D:1      | Reached skill level 4 in Spellcasting
   306 | D:1      | Reached XP level 2. HP: 18/24 MP: 2/7
   623 | D:1      | Learned a level 2 spell: Blink
   626 | D:1      | Learned a level 2 spell: Call Imp
   691 | D:1      | Reached XP level 3. HP: 31/31 MP: 0/8
  1474 | D:1      | Learned a level 3 spell: Mephitic Cloud
  1508 | D:1      | Reached XP level 4. HP: 19/39 MP: 1/10
  2191 | D:2      | Reached XP level 5. HP: 40/45 MP: 8/12
  2390 | D:2      | Found a hazy altar of Hepliaklqana.
  2945 | D:3      | Noticed Ijyb
  2949 | D:3      | Paralysed by Ijyb for 5 turns
  2959 | D:3      | Paralysed by Ijyb for 4 turns
  2971 | D:3      | Paralysed by Ijyb for 4 turns
  2979 | D:3      | Paralysed by Ijyb for 3 turns
  3046 | D:3      | Killed Ijyb
  3046 | D:3      | Reached skill level 5 in Spellcasting
  3285 | D:3      | Noticed Jessica
  3287 | D:3      | Noticed Natasha
  3794 | D:3      | Killed Natasha
  3830 | D:3      | Noticed Natasha
  3841 | D:3      | Killed Natasha
  3841 | D:3      | Reached XP level 6. HP: 46/53 MP: 1/13
  4032 | D:3      | Noticed Grinder
  4060 | D:3      | Paralysed by Grinder for 2 turns
  4067 | D:3      | Slain by Grinder

Skill      XL: |  1  2  3  4  5 |
---------------+----------------+-----
Conjurations   | 1 2 |  2.6
Spellcasting   | 4 5 |  5.2
Dodging        | 2 3 |  3.1
Stealth        | 2 |  2.3
Summonings     | |  0.8
Translocations | |  0.8

Action                   |  1- 3 |  4- 6 || total
-------------------------+-------+-------++-------
Melee: Unarmed           |    33 |   113 ||   146
 Cast: Magic Dart        |    90 |   117 ||   207
       Call Imp          |       |    20 ||    20
  Use: Potion            |       |     2 ||     2
       Scroll            |       |     1 ||     1
 Stab: Distracted        |       |     1 ||     1
  Eat: Ration            |     1 |     1 ||     2
       Chunk             |       |     3 ||     3
Armor: Robe              |    15 |    44 ||    59
Dodge: Dodged            |    19 |    72 ||    91
